 Dungeon Crawl Stone Soup version 0.27-a0-1200-g94dc6ad4cf (webtiles) character file.

Game seed: 248274921338313942

76 polve the Cutter (level 4, -4/35 HPs)
             Began as a Demonspawn Abyssal Knight on May 30, 2021.
             Was a Follower of Lugonu.
             Shot with an arrow by a centaur (11 damage)
             ... on level 3 of the Dungeon.
             The game lasted 00:01:26 (2451 turns).

polve the Cutter (Demonspawn Abyssal Knight)        Turns: 2451, Time: 00:01:27

Health: -4/35      AC:  6    Str: 14    XL:     4   Next: 12%
Magic:  5/5        EV: 11    Int: 19    God:    Lugonu [*.....]
Gold:   98         SH:  0    Dex: 12    Spells: 3/3 levels left

rFire    . . .     SeeInvis .   a - +1 short sword (flame)
rCold    . . .     Faith    .   (no shield)
rNeg     . . .     Spirit   .   b - +0 leather armour
rPois    .         Reflect  .   (no helmet)
rElec    .         Harm     .   (no cloak)
rCorr    .         Rampage  .   (no gloves)
Will     .....                  h - +2 pair of boots
Stlth    +.........             (no amulet)
HPRegen  0.11/turn              d - +6 ring of intelligence
MPRegen  0.09/turn              (no ring)

@: no status effects
A: demonic guardian 1, sturdy frame 1
a: Renounce Religion, Depart the Abyss


You were on level 3 of the Dungeon.
You worshipped Lugonu.
Lugonu was aware of your devotion.
You visited 1 branch of the dungeon, and saw 3 of its levels.
You visited the Abyss 1 time.

You collected 98 gold pieces.

Inventory:

Hand Weapons
 a - a +1 short sword of flaming (weapon)
 i - a +0 vampiric long sword
Armour
 b - a +0 leather armour (worn)
 h - a +2 pair of boots (worn)
 n - a +0 pair of gloves
Jewellery
 d - a +6 ring of intelligence (left hand)
Scrolls
 c - 3 scrolls of identify {unknown}
 l - 3 scrolls of enchant armour {unknown}
 o - a scroll of enchant weapon {unknown}
Potions
 e - a potion of berserk rage {unknown}
 f - 5 potions of ambrosia {unknown}
 g - a potion of brilliance {unknown}
 j - a potion of heal wounds {unknown}
 k - a potion of resistance {unknown}
 m - a potion of lignification {unknown}
 p - a potion of haste {unknown}
 q - a potion of curing {unknown}


   Skills:
 - Level 3.0 Fighting
 - Level 4.0 Short Blades
 + Level 1.9 Armour
 - Level 0.8 Dodging
 - Level 2.4 Invocations


You had 3 spell levels left.
You didn't know any spells.
Your spell library was empty.

Dungeon Overview and Level Annotations

Branches:
Dungeon (3/15)

Altars:


Innate Abilities, Weirdness & Mutations

A weak demonic guardian rushes to your aid.
Your movements are slightly less encumbered by armour. (ER -2)


Message History

No target in view!
No target in view!
No target in view!
No target in view!
No target in view!
No target in view!
Found a robe.
c - 3 scrolls labelled ASIHEDI ZATO (gained 1)
Found a stone staircase leading up.
Key pressed, stopping explore.
No target in view!
No target in view!
No target in view!
No target in view!
No target in view!
No target in view!
No target in view!
No target in view!
No target in view!
No target in view!
No target in view!
A centaur comes into view.
The centaur shouts!
The centaur wields a +0 shortbow.
The centaur shoots an arrow.
The arrow hits you!
A demonic guardian appears!
A centaur is nearby!
A centaur is nearby!
You are too injured to fight recklessly!
You are too injured to fight recklessly!
You are too injured to fight recklessly!
You are too injured to fight recklessly!
You are too injured to fight recklessly!
You are too injured to fight recklessly!
You are too injured to fight recklessly!
The centaur shoots an arrow.
The arrow hits you.
The centaur shoots an arrow.
The arrow hits you.
The centaur shoots an arrow.
The arrow hits you!
* * * LOW HITPOINT WARNING * * *
The centaur shoots an arrow.
The arrow hits you!
You die...

...............##..........
....<.....####.............
..##...##.###.............
..............#........####
..#.#..##..................
..#.#...........##......##
##........#####.........#
......... ##..5...<.#
......#### #@.##$...# ....
#..c...# ###.# . ....
####...# ..# .. #.... .#
... .....# . ..###.# ..# ..
.# ...


You could see a centaur (ally target) and a friendly ufetubus (summoned).

Vanquished Creatures
  Jessica (D:2)
  2 adders (D:2)
  A worm (D:2)
  A bat (D:1)
  2 endoplasms
  5 hobgoblins
  4 quokkas
  6 ball pythons
  A goblin (D:2)
  3 kobolds (D:2)
  3 rats
29 creatures vanquished.

Notes
Turn   | Place    | Note
-------+----------+-------------------------------------------
     0 | Abyss:1  | polve the Demonspawn Abyssal Knight began the quest for the
                  | Orb.
     0 | Abyss:1  | Reached XP level 1. HP: 18/18 MP: 2/2
    42 | Abyss:1  | Noticed a tormentor
    46 | D:1      | Escaped the Abyss
   175 | D:1      | Reached skill level 2 in Short Blades
   185 | D:1      | Reached * piety under Lugonu
   363 | D:1      | Gained mutation: A weak demonic guardian rushes to your
                  | aid. [demonic ancestry]
   363 | D:1      | Reached XP level 2. HP: 19/24 MP: 3/3
   567 | D:1      | Found a faded altar of an unknown god.
   830 | D:2      | Reached skill level 3 in Short Blades
   943 | D:2      | Gained mutation: Your movements are slightly less
                  | encumbered by armour. (ER -2) [demonic ancestry]
   943 | D:2      | Reached XP level 3. HP: 25/29 MP: 4/4
  1239 | D:2      | Noticed Jessica
  1247 | D:2      | Killed Jessica
  1248 | D:2      | Reached skill level 4 in Short Blades
  1248 | D:2      | Reached XP level 4. HP: 8/35 MP: 5/5
  2448 | D:3      | Noticed a centaur
  2451 | D:3      | Shot with an arrow by a centaur

Illustrated notes

Levels and vault maps discovered:
D:1:      psy_arrival_conway, layout_basic, ebering_ecumenical_altar_abandoned,
          minivault_26
D:2:      layout_basic, minmay_tripent, uniq_jessica
D:3:      layout_rooms, serial_shops, shop, uniq_crazy_yiuf_cottage

Skill      XL: |  1  2  3 |
---------------+----------+-----
Short Blades   | 2 3 4 |  4.0
Fighting       | |  3.0
Armour         | |  1.9
Dodging        | |  0.8
Invocations    | |  2.4

Action                   |  1- 3 |  4- 6 || total
-------------------------+-------+-------++-------
Melee: Short sword       |    91 |    18 ||   109
Invok: Depart the Abyss  |     1 |       ||     1
  Use: Scroll            |     1 |       ||     1
Armor: Leather armour    |    24 |     7 ||    31
Dodge: Dodged            |    47 |     6 ||    53

Table legend: (Time is in decaauts)
 A = Elapsed time spent in this place.
 B = Non-inter-level travel time spent in this place.
 C = Inter-level travel time spent in this place.
 D = Time resting spent in this place.
 E = Time spent auto-exploring this place.
 F = Levels seen in this place.
 G = Mean time per level.
                   A        B        C        D        E       F      G
               +--------+--------+--------+--------+--------+-----+--------+
         Total |   2449 |   2328 |    121 |      0 |   2093 |   4 |  612.2 |
       Dungeon |   2403 |   2282 |    121 |      0 |   2052 |   3 |  801.0 |
         Abyss |     46 |     46 |      0 |      0 |     41 |   1 |   46.0 |
               +--------+--------+--------+--------+--------+-----+--------+

Top non-repeatable levels by time:
     D:2: 1501 daAuts
     D:1: 775 daAuts
     D:3: 126 daAuts
 Abyss:1: 46 daAuts
